 Dungeon Crawl Stone Soup version 0.17.0-7-gfadd4cc (console) character file.

78 gw the Cudgeler (level 4, 48/48 HPs)
             Began as an Ogre Gladiator on Nov 8, 2015.
             Was a Believer of Zin.
             Quit the game on level 3 of the Dungeon.
             The game lasted 00:05:40 (2641 turns).

gw the Cudgeler (Ogre Gladiator)                    Turns: 2641, Time: 00:05:40

Health: 48/48      AC:  3    Str: 21    XL:     4   Next: 36%
Magic:  0/4        EV: 11    Int:  8    God:    Zin [**....]
Gold:   163        SH:  0    Dex: 12    Spells: 0 memorised, 3 levels left

rFire  . . .     SeeInvis .     a - +0 flail
rCold  . . .     Clarity  .     b - +0 robe
rNeg   . . .     SustAt   .     (no shield)
rPois  ∞         Gourm    .     c - +0 hat
rElec  .         Spirit   .     (no cloak)
rCorr  .         Warding  .     (gloves unavailable)
rMut   .         Stasis   .     (boots unavailable)
MR     .....                    g - amulet of faith
Stlth  +.........               (no ring)
                                (no ring)

@: vitalised, not resistant to hostile enchantments, very unstealthy
A: unfitting armour, tough skin 1
a: Recite, Vitalisation, Donate Gold, Renounce Religion


You were on level 3 of the Dungeon.
You worshipped Zin.
Zin was pleased with you.
You were not hungry.

You visited 1 branch of the dungeon, and saw 3 of its levels.

You collected 181 gold pieces.
You donated 18 gold pieces to Zin.

Inventory:

Hand Weapons
 a - a +0 flail (weapon)
Missiles
 d - 3 throwing nets
 f - 78 stones (quivered)
Armour
 b - a +0 robe (worn)
 c - a +0 hat (worn)
Jewellery
 g - an amulet of faith (around neck)
Comestibles
 e - a bread ration


   Skills:
 + Level 3.6 Fighting
 * Level 4.9 Maces & Flails
 + Level 2.6 Throwing
 + Level 3.2 Dodging


You had 3 spell levels left.
You didn't know any spells.

Dungeon Overview and Level Annotations

Branches:
Dungeon (3/15)

Altars:
Ashenzari
Dithmenos
Qazlal
Zin


Innate Abilities, Weirdness & Mutations

You are too large for most types of armour.
You have tough skin (AC +1).


Message History

You don't have enough magic at the moment.
You don't have enough magic at the moment.
You don't have enough magic at the moment.
You don't have enough magic at the moment.
You don't have enough magic at the moment.
You don't have enough magic at the moment.
You don't have enough magic at the moment.
You don't have enough magic at the moment.
You don't have enough magic at the moment.
You don't have enough magic at the moment.
You don't have enough magic at the moment.
You don't have enough magic at the moment.
You don't have enough magic at the moment.
You don't have enough magic at the moment.
You don't have enough magic at the moment.
You don't have enough magic at the moment.
You don't have enough magic at the moment.
You don't have enough magic at the moment.
Infinite lua loop detected, aborting.
Are you sure you want to abandon this character and quit the game? (Confirm with "yes".)

#.##### ##.### ......#
##...## .# .# ..###.#
##.....##.#l.. ..##..#
##.......#.#...
..#...####.............
.........'............
..#...####.........##
..##..# ##.......##
......# ##....O##
...#### ##.###...# ...#
### ...#E# #.## ...###
#.# ......# ._....#
....... ...####


You could see a fire elemental and a giant gecko (wandering).

Table legend:
 A = Turns spent in this place as a percentage of turns spent in the entire game.
 B = Non-inter-level travel turns spent in this place as a percentage of non-inter-level travel turns spent in the entire game.
 C = Inter-level travel turns spent in this place as a percentage of turns spent in this place.
 D = Turns resting spent in this place as a percentage of non-inter-level travel turns spent in this place.
 E = Turns spent auto-exploring this place as a percentage of non-inter-level travel turns spent in this place.
 F = Non-inter-level travel turns spent in this place divided by the number of levels of this place that you've seen.
                   A       B       C       D       E      F
               +-------+-------+-------+-------+-------+----------------------
         Total | 100.0 | 100.0 |   0.3 |   1.1 |   2.4 | 1711.3
       Dungeon | 100.0 | 100.0 |   0.3 |   1.1 |   2.4 | 1711.3
               +-------+-------+-------+-------+-------+----------------------

Table legend:
 A = Kills in this place as a percentage of kills in entire the game.
 B = Kills by you in this place as a percentage of kills by you in the entire game.
 C = Kills by friends in this place as a percentage of kills by friends in the entire game.
 D = Other kills in this place as a percentage of other kills in the entire game.
 E = Experience gained in this place as a percentage of experience gained in the entire game.
 F = Experience gained in this place divided by the number of levels of this place that you have seen.
                   A       B       C       D       E      F
               +-------+-------+-------+-------+-------+----------------------
         Total | 100.0 | 100.0 |  -nan |  -nan | 100.0 |  37.3
       Dungeon | 100.0 | 100.0 |  -nan |  -nan | 100.0 |  37.3
               +-------+-------+-------+-------+-------+----------------------

Vanquished Creatures
  2 adders (D:2)
  An ooze (D:1)
  2 giant geckos
  5 giant cockroaches
  9 goblins
  8 hobgoblins
  6 bats
  2 giant newts
  11 kobolds
  6 rats
52 creatures vanquished.

Vanquished Creatures (others)
  4 toadstools (D:1)
4 creatures vanquished.

Grand Total: 56 creatures vanquished

Notes
Turn   | Place    | Note
--------------------------------------------------------------
     0 | D:1      | gw the Ogre Gladiator began the quest for the Orb.
     0 | D:1      | Reached XP level 1. HP: 22/22 MP: 1/1
   158 | D:1      | Reached XP level 2. HP: 29/31 MP: 2/2
   429 | D:1      | Reached XP level 3. HP: 31/37 MP: 3/3
  1397 | D:2      | Reached XP level 4. HP: 45/48 MP: 4/4
  1838 | D:2      | Found a glowing silver altar of Zin.
  1841 | D:2      | Became a worshipper of Zin the Law-Giver
  1841 | D:2      | Reached * piety under Zin
  1911 | D:2      | Reached ** piety under Zin
  2107 | D:3      | Found a shattered altar of Ashenzari.
  2606 | D:3      | Found a shadowy altar of Dithmenos.
  2636 | D:3      | Noticed a fire elemental
  2638 | D:3      | Found a stormy altar of Qazlal.
  2641 | D:3      | Quit the game

Action                   |  1- 3 |  4- 6 || total
-------------------------+-------+-------++-------
Melee: Flail             |    88 |    39 ||   127
Throw: Stone             |    47 |    55 ||   102
Invok: Vitalisation      |       |     2 ||     2
  Eat: Chunk             |     2 |     1 ||     3
       Bread ration      |       |     1 ||     1

Vault maps used:
D:1:      ldierk_water_garden
D:2:      zin_statuary
D:3:      grunt_dithmenos_smoke_and_mirrors, nicolae_qazlal_style_of_elements,
          nicolae_overflow_crystal_walls, first_bread
